 Dungeon Crawl Stone Soup version 0.27.1-33-g824d729ab1 (webtiles) character file.

Game seed: 4586959310980589356

87 jlumianski the Skirmisher (level 4, -2/29 HPs)
             Began as a Gargoyle Monk on Dec 10, 2021.
             Slain by a gnoll (8 damage)
             ... on level 1 of the Dungeon.
             The game lasted 00:07:55 (2789 turns).

jlumianski the Skirmisher (Gargoyle Monk)           Turns: 2789, Time: 00:07:55

Health: -2/29      AC:  6    Str: 15    XL:     4   Next: 51%
Magic:  4/4        EV: 12    Int: 11    God:
Gold:   92         SH:  0    Dex: 12    Spells: 3/3 levels left

rFire    . . .     SeeInvis .   a - +0 hand axe
rCold    . . .     Faith    .   (no shield)
rNeg     + . .     Spirit   .   d - +0 leather armour
rPois    ∞         Reflect  .   (no helmet)
rElec    +         Harm     .   (no cloak)
rCorr    .         Rampage  .   (no gloves)
Will     .....                  (no boots)
Stlth    ++........             (no amulet)
HPRegen  0.09/turn              (no ring)
MPRegen  0.09/turn              (no ring)

@: no status effects
A: sickness immunity, AC +3, negative energy resistance 1, electricity
resistance, torment resistance 1, petrification resistance
a: no special abilities


You were on level 1 of the Dungeon.
You visited 1 branch of the dungeon, and saw 2 of its levels.

You collected 92 gold pieces.

Inventory:

Hand Weapons
 a - a +0 hand axe (weapon)
 e - a +0 club
Missiles
 c - 78 stones (quivered)
 j - a throwing net
Armour
 b - a +0 robe
 d - a +0 leather armour (worn)
Scrolls
 f - a scroll of identify {unknown}
 g - a scroll of fear {unknown}
 h - a scroll of magic mapping {unknown}
Potions
 i - a potion of heal wounds {unknown}


   Skills:
 + Level 3.8 Fighting
 + Level 3.4 Axes
 + Level 0.1 Throwing
 + Level 1.5 Armour
 + Level 2.8 Dodging
 + Level 2.8 Stealth


You had 3 spell levels left.
You didn't know any spells.
Your spell library was empty.

Dungeon Overview and Level Annotations

Branches:
Dungeon (2/15)

Altars:


Innate Abilities, Weirdness & Mutations

You are immune to sickness and miasma.
Your stone body is resilient. (AC +3)
You are immune to poison.
You resist negative energy. (rN+)
You are resistant to electric shocks. (rElec)
You are resistant to unholy torment.
You are immune to petrification.


Message History

The gnoll hits you but does no damage.
You closely miss the gnoll.
The gnoll is heavily wounded.
The gnoll closely misses you.
You hit the gnoll.
The gnoll is severely wounded.
The gnoll barely misses you.
You hit the gnoll.
The gnoll is almost dead.
The gnoll hits you with a +0 flail.
You closely miss the gnoll.
The gnoll is almost dead.
The gnoll hits you with a +0 flail. The gnoll barely misses you.
You hit the gnoll.
You kill the gnoll!
You now have 92 gold pieces (gained 6).
Things that are here:
a +0 flail; a gnoll corpse
There is a stone staircase leading down here.
You start resting.
HP restored.
You climb downwards.
The gnoll barely misses you.
There is a stone staircase leading up here.
The gnoll hits you but does no damage.
You climb upwards.
There is a stone staircase leading down here.
You hit the gnoll.
The gnoll is moderately wounded.
The gnoll hits you with a +0 flail!
You hit the gnoll.
The gnoll is heavily wounded.
The gnoll hits you with a +0 flail.
You hit the gnoll but do no damage.
The gnoll is heavily wounded.
The gnoll hits you with a +0 flail!
* * * LOW HITPOINT WARNING * * *
You hit the gnoll.
The gnoll is severely wounded.
The gnoll barely misses you. The gnoll hits you with a +0 flail!
You die...

##.................########.#####
.............#...........##.....#
#############.............#......
.....## #..................≈≈
<..♣..# #...........)..#.≈≈≈≈
.....## #....[.........#.≈≈≈≈
'##### ######..............#.≈≈≈≈
..######...##...g..........#.≈≈≈≈
............#..)@.........#...≈≈≈
⌠........⌠..#......#.....##......
............#.#############......
..######...##.# #...... >##
##'###.# #...... ## ###..# #.#
#...... ####...## #.# #######
###....### #.# #...#### #.#


You could see a gnoll.

Vanquished Creatures
  2 gnolls
  2 adders
  3 worms (D:2)
  2 endoplasms
  3 giant cockroaches (D:1)
  A goblin (D:1)
  4 hobgoblins
  3 kobolds (D:1)
  A quokka (D:1)
  7 ball pythons
  4 bats
  6 frilled lizards (D:1)
  3 rats (D:1)
41 creatures vanquished.

Notes
Turn   | Place    | Note
-------+----------+-------------------------------------------
     0 | D:1      | jlumianski the Gargoyle Monk began the quest for the Orb.
     0 | D:1      | Reached XP level 1. HP: 14/14 MP: 1/1
   776 | D:1      | Reached XP level 2. HP: 11/19 MP: 2/2
  1183 | D:1      | Reached XP level 3. HP: 16/23 MP: 3/3
  1479 | D:1      | Found a faded altar of an unknown god.
  1611 | D:1      | Reached skill level 1 in Armour
  2334 | D:2      | Reached XP level 4. HP: 26/29 MP: 4/4
  2789 | D:1      | Slain by a gnoll

Illustrated notes

Levels and vault maps discovered:
D:1:      minmay_arrival_split_and_join, layout_rooms, basic_ecumenical_altar,
          chequers_serial_rivers_micro_d, hangedman_feature_mirror,
          minmay_misc_feat_four_crosses, minmay_lizard_pond
D:2:      layout_loops_ring, basic_altar, chequers_serial_rivers_room_a,
          minmay_fractal_squares_gapless_5

Skill      XL: |  1  2  3 |
---------------+----------+-----
Axes           | 3 |  3.4
Armour         | 1 |  1.5
Fighting       | |  3.8
Throwing       | |  0.1
Dodging        | |  2.8
Stealth        | |  2.8

Action                   |  1- 3 |  4- 6 || total
-------------------------+-------+-------++-------
Melee: Hand axe          |   151 |    31 ||   182
Throw: Stone             |    11 |       ||    11
 Stab: Sleeping          |     4 |       ||     4
Armor: Leather armour    |    69 |     5 ||    74
       Robe              |     4 |       ||     4
Dodge: Dodged            |   140 |    20 ||   160
